 Dungeon Crawl Stone Soup version 0.28-a0-1638-g9123634e07 (webtiles) character file.

Game seed: 4203859565450853286

91 issech the Cudgeller (level 4, 0/44 HPs)
             Began as a Troll Monk on Jan 25, 2022.
             Slain by Pargi (2 damage)
             ... in a sewer.
             The game lasted 00:07:55 (2038 turns).

issech the Cudgeller (Troll Monk)                   Turns: 2038, Time: 00:07:56

Health: 0/44       AC:  4    Str: 19    XL:     4   Next: 33%
Magic:  0/3        EV: 10    Int:  6    God:
Gold:   134        SH:  0    Dex: 14    Spells: 3/3 levels left

rFire   . . .      SeeInvis .   o - +2 dagger (venom)
rCold   . . .      Faith    .   (no shield)
rNeg    . . .      Spirit   +   b - +0 robe
rPois   .          Reflect  .   (helmet restricted)
rElec   .          Harm     .   (no cloak)
rCorr   .          Rampage  .   (gloves unavailable)
Will    .....                   (boots unavailable)
Stlth   ++........              c - amulet of guardian spirit
HPRegen 0.94/turn               (no ring)
MPRegen 0.08/turn               (no ring)

@: no status effects
A: large, unfitting armour, claws 3, regeneration 1, shaggy fur 1, tough skin 1
a: no special abilities


You were in a sewer.
You visited 1 branch of the dungeon, and saw 3 of its levels.
You also visited: Sewer.

You collected 134 gold pieces.

Inventory:

Hand Weapons
 a - a +0 mace
 o - a +2 dagger of venom (weapon)
Missiles
 g - 121 stones (quivered)
 h - 21 arrows
 j - 47 sling bullets
Armour
 b - a +0 robe (worn)
Jewellery
 c - an amulet of guardian spirit (around neck)
Scrolls
 d - a scroll of fog {unknown}
 e - 2 scrolls of identify {unknown}
 f - a scroll of teleportation {unknown}
 m - a scroll of noise {unknown}
Potions
 i - a potion of degeneration {unknown}
 k - a potion of mutation {unknown}
 l - a potion of heal wounds {unknown}
 n - a potion of flight {unknown}


   Skills:
 + Level 2.9 Fighting
 + Level 3.7 Maces & Flails
 + Level 3.0 Dodging
 + Level 1.1 Stealth


You had 3 spell levels left.
You didn't know any spells.
Your spell library contained the following spells:

 Spells                   Type           Power      Damage    Failure   Level
 Dazzling Flash           Conj/Hex       0%         N/A       83%         3
 Iskenderun's Mystic Bla  Conj/Tloc      0%         2d3       99%         4
 Starburst                Conj/Fire      0%         6d3       100%        6


Dungeon Overview and Level Annotations

Branches:
Dungeon (3/15)              Sewer (1/1)

Altars:

Annotations:
Sewer Pargi


Innate Abilities, Weirdness & Mutations

You are too large for most types of armour.
You have claws for hands.
Your natural rate of healing is unusually fast.
You are covered in fur. (AC +1)
You have tough skin. (AC +1)


Message History

* * * LOW HITPOINT WARNING * * *
Pargi misses you. Pargi claws you but does no damage.
The frilled lizard moves out of view.
The frilled lizard bites you.
* * * LOW HITPOINT WARNING * * *
You enter the shallow water.
Moving in this stuff is going to be slow.
Pargi closely misses you.
Pargi misses you. x2; The frilled lizard bites you.
* * * LOW HITPOINT WARNING * * *
You enter the shallow water.
Moving in this stuff is going to be slow.
Pargi bites you.
* * * LOW HITPOINT WARNING * * *
Pargi completely misses you. Pargi claws you but does no damage.
The frilled lizard bites you.
* * * LOW HITPOINT WARNING * * *
You enter the shallow water.
Moving in this stuff is going to be slow.
The frilled lizard closely misses you. Pargi bites you.
* * * LOW HITPOINT WARNING * * *
Pargi barely misses you. Pargi claws you.
* * * LOW HITPOINT WARNING * * *
You barely miss the frilled lizard. The frilled lizard closely misses you.
You barely miss the frilled lizard. The frilled lizard bites you.
* * * LOW HITPOINT WARNING * * *
You hit the frilled lizard.
You kill the frilled lizard!
You closely miss Pargi. Pargi bites you but does no damage.
Pargi closely misses you. Pargi claws you but does no damage.
You hit Pargi.
Pargi is lightly wounded.
Pargi bites you.
* * * LOW HITPOINT WARNING * * *
Pargi claws you.
* * * LOW HITPOINT WARNING * * *
Pargi claws you but does no damage.
You hit Pargi.
Pargi is poisoned.
Pargi is lightly wounded.
Pargi barely misses you. Pargi claws you.
You die...

#. ≈≈≈≈≈≈≈ #≈ ≈≈≈≈≈≈≈ #≈
≈≈≈≈≈≈≈ ≈≈≈≈≈≈. ≈≈≈≈≈≈≈
≈≈≈≈≈≈≈## #≈≈≈≈≈≈.#
#≈≈≈≈≈≈@###
≈≈≈≈≈≈≈≈T.###
≈≈≈≈≈≈≈≈≈≈≈.# #
≈≈≈≈≈≈≈≈≈≈≈.## #
≈≈≈≈≈≈≈≈≈≈≈.≈####### #
≈≈≈≈≈≈≈≈≈≈≈≈≈##.∩∩.#####
≈≈≈≈≈≈≈≈≈≈≈≈≈.#≈≈≈≈#.##.
#≈≈≈≈≈≈≈≈≈≈≈≈≈.≈≈≈≈≈.##≈
≈≈≈≈≈≈≈≈≈≈≈≈≈≈≈≈≈≈≈≈≈≈≈


You could see Pargi (very poisoned).

Vanquished Creatures
  3 adders
  2 worms (D:2)
  5 ball pythons
  4 bats
  6 endoplasms
  5 giant cockroaches
  5 goblins
  3 hobgoblins
  7 quokkas
  8 frilled lizards
  4 kobolds (D:2)
  5 rats
57 creatures vanquished.

Notes
Turn   | Place    | Note
-------+----------+-------------------------------------------
     0 | D:1      | issech the Troll Monk began the quest for the Orb.
     0 | D:1      | Reached XP level 1. HP: 22/22 MP: 0/0
   151 | D:1      | Reached XP level 2. HP: 29/29 MP: 1/1
  1127 | D:2      | Reached XP level 3. HP: 36/36 MP: 2/2
  1626 | D:2      | Reached XP level 4. HP: 15/44 MP: 3/3
  1856 | D:3      | Found a faded altar of an unknown god.
  1916 | D:3      | Found a glowing drain.
  1920 | Sewer    | Entered a sewer
  1980 | Sewer    | Noticed Pargi
  2037 | Sewer    | HP: 1/44 [Pargi (3)]
  2038 | Sewer    | Slain by Pargi

Illustrated notes

Levels and vault maps discovered:
D:1:      dpeg_arrival_prison, layout_loops_ring, item_on_display_a
D:2:      layout_rooms, hex_intersection, minivault_25
D:3:      minmay_wonky_spiral, layout_loops_ring, gup_sewer_entry_spiral,
          ebering_ecumenical_altar_abandoned, minmay_misc_feat_chi,
          minmay_misc_feat_columns, minmay_rat_hole
Sewer:    sewer_co_pargi_island

Skill      XL: |  1  2  3  4 |
---------------+-------------+-----
Maces & Flails | 3 |  3.7
Dodging        | 3 |  3.0
Fighting       | |  2.9
Stealth        | |  1.1

Action                   |  1- 3 |  4- 6 || total
-------------------------+-------+-------++-------
Melee: Mace              |   127 |    41 ||   168
       Punch             |     1 |       ||     1
       Dagger            |       |     6 ||     6
 Stab: Sleeping          |     1 |     2 ||     3
Armor: Robe              |    61 |    37 ||    98
Dodge: Dodged            |    72 |    53 ||   125

Table legend: (Time is in decaauts)
 A = Elapsed time spent in this place.
 B = Non-inter-level travel time spent in this place.
 C = Inter-level travel time spent in this place.
 D = Time resting spent in this place.
 E = Time spent auto-exploring this place.
 F = Levels seen in this place.
 G = Mean time per level.
                   A        B        C        D        E       F      G
               +--------+--------+--------+--------+--------+-----+--------+
         Total |   2129 |   2040 |     89 |     22 |    822 |   4 |  532.2 |
       Dungeon |   1973 |   1884 |     89 |     22 |    804 |   3 |  657.7 |
         Sewer |    155 |    155 |      0 |      0 |     18 |   1 |  155.0 |
               +--------+--------+--------+--------+--------+-----+--------+

Top non-repeatable levels by time:
     D:1: 1003 daAuts
     D:2: 811 daAuts
     D:3: 158 daAuts
   Sewer: 155 daAuts
